 Dungeon Crawl Stone Soup version 0.21.1-1-g345015fe64 (webtiles) character file.

798 Holzbalken the Basher (level 7, -4/57 HPs)
             Began as a Demonspawn Monk on July 15, 2018.
             Was a Priest of Qazlal.
             Killed by divine providence
             ... invoked by an orc priest
              (8 damage)
             ... on level 4 of the Dungeon.
             The game lasted 00:17:09 (4650 turns).

Holzbalken the Basher (Demonspawn Monk)             Turns: 4650, Time: 00:17:09

Health: -4/57      AC:  8    Str: 14 (16) XL:     7   Next: 58%
Magic:  0/7        EV:  3    Int:  9 (11) God:    Qazlal [***...]
Gold:   164        SH: 10    Dex: 13 (15) Spells: 6/6 levels left

rFire    . . .     SeeInvis .   a - +0 mace
rCold    + . .     Gourm    .   l - +0 shield
rNeg     + . .     Faith    .   m - +0 chain mail
rPois    .         Spirit   +   (no helmet)
rElec    .         Reflect  .   (no cloak)
rCorr    .         Harm     .   (no gloves)
MR       .....                  (no boots)
Stlth    ..........             r - amulet of guardian spirit
HPRegen  0.19/turn              i - ring of positive energy
MPRegen  0.10/turn              (no ring)

@: slowed, very slow
A: hooves 1, cold resistance 1, powered by pain 1, robust 1, strong 1
a: Upheaval, Elemental Force, Renounce Religion


You were on level 4 of the Dungeon.
You worshipped Qazlal.
Qazlal was most pleased with you.
You were not hungry.

You visited 2 branches of the dungeon, and saw 5 of its levels.

You collected 164 gold pieces.

Inventory:

Hand Weapons
 a - a +0 mace (weapon)
Armour
 b - a +0 robe
 f - a +0 ring mail
 l - a +0 shield (worn)
 m - a +0 chain mail (worn)
Jewellery
 i - a ring of positive energy (left hand)
 r - an amulet of guardian spirit (around neck)
Scrolls
 g - a scroll of fog
 h - a scroll of identify
 k - a scroll of fear
Potions
 e - a potion of haste
 j - 2 potions of agility
 p - a potion of degeneration
Books
 n - a Fen Folio

   Spells                             Type                      Level
   a - Corpse Rot                     Necromancy                   2
   b - Stone Arrow                    Conjuration/Earth            3
   c - Leda's Liquefaction            Hexes/Earth                  4
   d - Summon Forest                  Summoning/Translocation      5
   e - Hydra Form                     Transmutation                6
   f - Summon Hydra                   Summoning                    7
Comestibles
 c - 6 rations


   Skills:
 - Level 3.0 Fighting
 + Level 8.3 Maces & Flails
 - Level 2.6 Dodging
 - Level 1.7 Stealth


You had 6 spell levels left.
You didn't know any spells.

Dungeon Overview and Level Annotations

Branches:
Dungeon (4/15)             Temple (1/1) D:4

Altars:
Ashenzari
Cheibriados
Dithmenos
Elyvilon
Fedhas
Gozag
Hepliaklqana
Kikubaaqudgha
Makhleb
Nemelex Xobeh
Qazlal
Ru
Sif Muna
Trog
Uskayaw
Vehumet
Wu Jian
Xom
Yredelemnul
The Shining One


Innate Abilities, Weirdness & Mutations

You have large cloven feet.
Your flesh is cold resistant. (rC+)
You sometimes gain a little power by taking damage.
You are robust. (+10% HP)
Your muscles are strong. (Str +2)


Message History

The orc priest hits you with a falchion.
* * * LOW HITPOINT WARNING * * *
The orc priest barely misses you.
You hit the orc priest but do no damage.
You kick the orc priest, but do no damage.
The orc priest is moderately wounded.
You block the orc priest's attack.
You barely miss the orc priest. Your kick misses the orc priest.
The orc priest is moderately wounded.
The orc priest hits you but does no damage.
You closely miss the orc priest.
You kick the orc priest, but do no damage.
The orc priest is moderately wounded.
You block the orc priest's attack. x2
You hit the orc priest but do no damage.
The orc priest is moderately wounded.
You block the orc priest's attack.
The orc priest invokes the aid of Beogh against you.
Beogh smites you!
You die...

#####.#########
....#.####....
###.#......###
#.#........# #
#.#.######.#######.#
#.#.######.........#
#.#......>....).#
#.############o##
#......# #@#
##.....# #)#
#>....#.......#
####.....#.#######
.........#
.######### .......#
.......# .#
.......###.#


You could see an orc priest.

Vanquished Creatures
  The ghost of Holzbalken the Cudgeler, an amateur DsMo (D:4)
  A phantom (D:4)
  A big kobold (D:4)
  A bullfrog (D:3)
  A scorpion (D:4)
  A centaur skeleton (D:4)
  An orc priest (D:4)
  2 orc wizards (D:4)
  7 adders
  3 oozes
  3 worms
  3 dart slugs
  2 leopard geckos
  10 orcs
  5 ball pythons
  4 giant cockroaches
  7 goblins
  8 hobgoblins
  5 jackals
  A quokka (D:4)
  14 bats
  5 frilled lizards
  27 kobolds
  8 rats
  A butterfly (D:4)
  A plant (D:4)
123 creatures vanquished.

Vanquished Creatures (others)
  2 plants (D:4)
2 creatures vanquished.

Grand Total: 125 creatures vanquished

Notes
Turn   | Place    | Note
-------+----------+-------------------------------------------
     0 | D:1      | Holzbalken the Demonspawn Monk began the quest for the Orb.
     0 | D:1      | Reached XP level 1. HP: 18/18 MP: 1/1
    51 | D:1      | Reached skill level 3 in Maces & Flails
   277 | D:1      | Gained mutation: You have large cloven feet. [demonic ancestry]
   277 | D:1      | Reached XP level 2. HP: 21/24 MP: 2/2
   604 | D:1      | Reached XP level 3. HP: 28/29 MP: 3/3
   708 | D:2      | Reached skill level 4 in Maces & Flails
  1246 | D:2      | Reached XP level 4. HP: 35/35 MP: 4/4
  1957 | D:3      | Noticed a bullfrog
  1969 | D:3      | Killed a bullfrog
  1969 | D:3      | Reached skill level 5 in Maces & Flails
  1969 | D:3      | Gained mutation: Your flesh is cold resistant. (rC+) [demonic ancestry]
  1969 | D:3      | Reached XP level 5. HP: 29/41 MP: 5/5
  2250 | D:3      | Found a snail-covered altar of Cheibriados.
  3248 | D:4      | Reached skill level 6 in Maces & Flails
  3248 | D:4      | Reached XP level 6. HP: 40/47 MP: 3/6
  3279 | D:4      | Found a staircase to the Ecumenical Temple.
  3289 | Temple   | Entered the Ecumenical Temple
  3314 | Temple   | Became a worshipper of Qazlal Stormbringer
  3314 | Temple   | Reached * piety under Qazlal
  3314 | Temple   | Reached ** piety under Qazlal
  3470 | D:4      | Found a burning altar of Makhleb.
  3872 | D:4      | Reached skill level 7 in Maces & Flails
  3890 | D:4      | Gained mutation: You sometimes gain a little power by taking damage. [demonic ancestry]
  3890 | D:4      | Reached XP level 7. HP: 34/52 MP: 5/7
  4056 | D:4      | Noticed Holzbalken's ghost (amateur DsMo)
  4123 | D:4      | HP: 1/52 [Holzbalken's ghost (6)]
  4127 | D:4      | Killed Holzbalken's ghost
  4127 | D:4      | Reached *** piety under Qazlal
  4127 | D:4      | Reached skill level 8 in Maces & Flails
  4641 | D:4      | Gained mutation: Your muscles are strong. (Str +2) [potion of mutation]
  4641 | D:4      | Gained mutation: You are robust. (+10% HP) [potion of mutation]
  4650 | D:4      | Killed from afar by an orc priest

Skill      XL: |  1  2  3  4  5  6  7 |
---------------+----------------------+-----
Maces & Flails | 3 4 5 6 7 8 |  8.3
Fighting       | |  3.0
Dodging        | |  2.6
Stealth        | |  1.7

Action                   |  1- 3 |  4- 6 |  7- 9 || total
-------------------------+-------+-------+-------++-------
Melee: Mace              |   101 |   277 |    98 ||   476
       Kick              |    25 |    81 |    22 ||   128
  Use: Scroll            |       |     5 |       ||     5
       Potion            |       |       |     6 ||     6
 Stab: Sleeping          |     2 |       |       ||     2
  Eat: Chunk             |     1 |     9 |     3 ||    13
Armor: Robe              |     5 |       |       ||     5
       Ring mail         |    32 |    77 |       ||   109
       Chain mail        |       |    13 |    25 ||    38
Dodge: Dodged            |    71 |    84 |     8 ||   163
Block: Shield            |       |   119 |    42 ||   161
